[Event "6th Vardaris Open 2020"]
[Site "Thessaloniki"]
[Date "2020.02.29"]
[Round "4.6"]
[White "Stoinev, Metodi"]
[Black "Vestby-Ellingsen, Mads"]
[Result "1/2-1/2"]
[ECO "B22"]
[WhiteElo "2206"]
[BlackElo "2357"]
[Annotator "RC"]
[PlyCount "138"]
[EventDate "2020.02.27"]
[EventType "swiss"]
[EventCountry "GRE"]
[SourceTitle "playchess.com"]
[Source "ChessBase"]
[SourceQuality "1"]
[TimeControl "6000+30"]

1. e4 c5 2. Nf3 e6 3. c3 Nf6 4. e5 Nd5 5. Bc4 Nb6 6. Bb3 d6 7. exd6 Bxd6 8. d4 O-O 9. O-O Nc6 10. dxc5 Bxc5 11. Qe2 Qc7 12. Nbd2 Bd7 13. Ne4 Be7 14. Bg5 Bxg5 15. Nexg5 h6 16. Ne4 Ne5 17. Nd4 a6 18. Rfe1 Ng6 19. g3 e5 20. Qh5 Nf4 21. gxf4 exd4 22. Qe5 Qxe5 23. fxe5 dxc3 24. bxc3 Bc6 25. Nd6 Nd5 26. Bxd5 Bxd5 27. c4 Bc6 28. f4 Rad8 29. c5 g6 30. Rad1 Rd7 31. h4 h5 32. Rd3 Rfd8 33. Kf2 Re7 34. Ree3 Re6 35. Rg3 Rd7 36. Rde3 Kh7 37. Rg5 f6 38. Rg1 fxe5 39. fxe5 Rd8 40. Kg3 Rf8 41. Rb1 Re7 42. a3 g5 43. hxg5 Kg6 44. e6 Kxg5 45. Re5+ Kg6 46. Rg1 Rf3+ 47. Kh4+ Kf6 48. Rxh5 Rf4+ 49. Rg4 Rxg4+ 50. Kxg4 Kxe6 51. Kf4 Kd7 52. Re5 Rh7 53. Rg5 b6 54. Nf5 bxc5 55. Ke5 Kc7 56. Rg7+ Rxg7 57. Nxg7 Bd7 58. Kd5 Kb6 59. Kc4 Bg4 60. Ne8 Kc6 61. Nf6 Bf3 62. Kd3 Kd6 63. Kc4 Kc6 64. Kd3 Bd5 65. Ng4 Kb5 66. Ne3 Be6 67. Kc3 Ka4 68. Kb2 a5 69. Nd1 Kb5 1/2-1/2

[Event "6th Vardaris Open 2020"]
[Site "Thessaloniki"]
[Date "2020.02.29"]
[Round "4.13"]
[White "Giannoulakis, Lampros"]
[Black "Nilsen, Tobias Lang"]
[Result "1/2-1/2"]
[ECO "D26"]
[WhiteElo "2266"]
[BlackElo "2135"]
[Annotator "ChessBase"]
[PlyCount "47"]
[EventDate "2020.02.27"]
[EventType "swiss"]
[EventCountry "GRE"]
[SourceTitle "playchess.com"]
[Source "ChessBase"]
[SourceQuality "1"]
[TimeControl "6000+30"]

1. d4 Nf6 2. c4 e6 3. Nc3 Bb4 4. e3 O-O 5. Bd3 c5 6. Nf3 d5 7. O-O cxd4 8. exd4 dxc4 9. Bxc4 a6 10. Bg5 b5 11. Bb3 Be7 12. Qe2 Bb7 13. Rfe1 Re8 14. Rad1 Nc6 15. Ne5 Nxe5 16. dxe5 Nd7 17. Bc1 Qc7 18. Bc2 Red8 19. Rd3 Nf8 20. Rh3 g6 21. a3 Rac8 22. Bf4 Qc4 23. Qxc4 Rxc4 24. Bc1 1/2-1/2

[Event "6th Vardaris Open 2020"]
[Site "Thessaloniki"]
[Date "2020.02.29"]
[Round "4.14"]
[White "Papadopoulos, Panayotis"]
[Black "Cani, Armando"]
[Result "1-0"]
[ECO "A49"]
[WhiteElo "2220"]
[BlackElo "2002"]
[Annotator "ChessBase"]
[PlyCount "77"]
[EventDate "2020.02.27"]
[EventType "swiss"]
[EventCountry "GRE"]
[SourceTitle "playchess.com"]
[Source "ChessBase"]
[SourceQuality "1"]
[TimeControl "6000+30"]

1. Nf3 Nf6 2. d4 g6 3. g3 Bg7 4. Bg2 d6 5. O-O O-O 6. a4 c6 7. Nc3 Bg4 8. h3 Bxf3 9. Bxf3 Nbd7 10. a5 a6 11. Bg2 Qc7 12. e4 e5 13. Be3 Rfe8 14. f4 exf4 15. Bxf4 Nh5 16. Qd3 Nxf4 17. gxf4 c5 18. Nd5 Qd8 19. c3 Qh4 20. Nc7 cxd4 21. cxd4 Nf6 22. Nxa8 Rxa8 23. e5 dxe5 24. fxe5 Nh5 25. Qe4 Qd8 26. Ra3 Rc8 27. Qd5 Qe7 28. Qxb7 Rc7 29. Qa8+ Bf8 30. Raf3 Qb4 31. Qd5 Qe7 32. Rxf7 Qxf7 33. Qxf7+ Rxf7 34. Bd5 Bh6 35. Rxf7 Be3+ 36. Kg2 Kh8 37. e6 Nf4+ 38. Rxf4 Bxf4 39. e7 1-0

[Event "6th Vardaris Open 2020"]
[Site "Thessaloniki"]
[Date "2020.02.29"]
[Round "4.15"]
[White "Tsaknakis, Zisis"]
[Black "Mitsiou, Georgios"]
[Result "1-0"]
[ECO "E11"]
[WhiteElo "2197"]
[BlackElo "1519"]
[Annotator "RC"]
[PlyCount "75"]
[EventDate "2020.02.27"]
[EventType "swiss"]
[EventCountry "GRE"]
[SourceTitle "playchess.com"]
[Source "ChessBase"]
[SourceQuality "1"]
[TimeControl "6000+30"]

1. d4 Nf6 2. c4 e6 3. Nf3 Bb4+ 4. Nbd2 O-O 5. a3 Bxd2+ 6. Qxd2 d6 7. e3 Nbd7 8. Be2 Qe7 9. O-O e5 10. b3 e4 11. Ne1 c5 12. Bb2 Re8 13. Nc2 Nf8 14. Rad1 Ng6 15. dxc5 dxc5 16. Qd6 Qxd6 17. Rxd6 Ne5 18. f4 exf3 19. gxf3 Bf5 20. e4 Bh3 21. Rfd1 Kf8 22. Ne3 Nh5 23. Nd5 Rac8 24. Bxe5 Rxe5 25. f4 Re6 26. Rxe6 fxe6 27. Bxh5 exd5 28. Rd3 Bd7 29. cxd5 c4 30. bxc4 Rxc4 31. Bf3 Ke7 32. Kf2 Kf6 33. Kg3 g5 34. e5+ Kf5 35. Bg4+ Ke4 36. Bxd7 gxf4+ 37. Kh3 Kxd3 38. Bb5 1-0

[Event "6th Vardaris Open 2020"]
[Site "Thessaloniki"]
[Date "2020.02.29"]
[Round "4.17"]
[White "Madebrink, Lars"]
[Black "Tziotzios, Dimitrios"]
[Result "1/2-1/2"]
[ECO "D30"]
[WhiteElo "2115"]
[BlackElo "1473"]
[Annotator "ChessBase"]
[PlyCount "58"]
[EventDate "2020.02.27"]
[EventType "swiss"]
[EventCountry "GRE"]
[SourceTitle "playchess.com"]
[Source "ChessBase"]
[SourceQuality "1"]
[TimeControl "6000+30"]

1. d4 d5 2. Nf3 Nf6 3. c4 c6 4. Qc2 e6 5. Bg5 Nbd7 6. Nbd2 Be7 7. e3 O-O 8. Bd3 h6 9. Bh4 b6 10. h3 Bb7 11. O-O c5 12. Rac1 Rc8 13. Qb1 cxd4 14. exd4 dxc4 15. Bxc4 Nd5 16. Bg3 N7f6 17. a3 a6 18. Qd3 b5 19. Ba2 Qb6 20. Bb1 Rxc1 21. Rxc1 b4 22. Ne5 Rd8 23. Ndc4 Qb5 24. Re1 Nb6 25. Rd1 Nxc4 26. Qxc4 bxa3 27. Qc7 Nd5 28. Qc2 Nf6 29. Qc7 Nd5 1/2-1/2

[Event "6th Vardaris Open 2020"]
[Site "Thessaloniki"]
[Date "2020.03.01"]
[Round "5.10"]
[White "Krallis, Christos"]
[Black "Tsaknakis, Zisis"]
[Result "0-1"]
[ECO "E81"]
[WhiteElo "2276"]
[BlackElo "2197"]
[Annotator "ChessBase"]
[PlyCount "43"]
[EventDate "2020.02.27"]
[EventType "swiss"]
[EventCountry "GRE"]
[SourceTitle "playchess.com"]
[Source "ChessBase"]
[SourceQuality "1"]
[TimeControl "6000+30"]

1. d4 Nf6 2. c4 g6 3. Nc3 Bg7 4. e4 d6 5. f3 O-O 6. Nge2 c5 7. Be3 Nc6 8. d5 Ne5 9. Ng3 h5 10. Be2 h4 11. Nf1 e6 12. h3 b5 13. Nxb5 exd5 14. cxd5 Rb8 15. Qd2 Bd7 16. Nc3 c4 17. Bxa7 Rb7 18. Bd4 Nh5 19. Qe3 Rb6 20. b4 Rxb4 21. Nd1 Rb2 22. Bd3 0-1

[Event "6th Vardaris Open 2020"]
[Site "Thessaloniki"]
[Date "2020.03.01"]
[Round "5.11"]
[White "Giannoulakis, Lampros"]
[Black "Samaridis, Konstantinos"]
[Result "1-0"]
[ECO "E55"]
[WhiteElo "2266"]
[BlackElo "2104"]
[Annotator "ChessBase"]
[PlyCount "93"]
[EventDate "2020.02.27"]
[EventType "swiss"]
[EventCountry "GRE"]
[SourceTitle "playchess.com"]
[Source "ChessBase"]
[SourceQuality "1"]
[TimeControl "6000+30"]

1. d4 Nf6 2. c4 e6 3. Nc3 Bb4 4. e3 O-O 5. Bd3 c5 6. Nf3 d5 7. a3 Bxc3+ 8. bxc3 b6 9. O-O Nbd7 10. Bb2 dxc4 11. Bxc4 Bb7 12. Qe2 Qc7 13. Rac1 Rac8 14. h3 Ne4 15. Nd2 Nxd2 16. Qxd2 Qc6 17. f3 b5 18. Bd3 c4 19. Bb1 Rfd8 20. Qf2 Nf8 21. e4 Qd6 22. f4 Rc7 23. Rce1 a5 24. Re3 b4 25. axb4 axb4 26. cxb4 Qxb4 27. Bc3 Qb6 28. Rg3 f6 29. Kh2 Rf7 30. f5 exf5 31. Qxf5 Qe6 32. Qxe6 Nxe6 33. d5 Nc5 34. Rxf6 Rxf6 35. Bxf6 Rd7 36. Bd4 Nb3 37. Bc3 g6 38. h4 Kf7 39. h5 gxh5 40. Rg5 Nc5 41. Rxh5 Kg6 42. Rh3 Kg5 43. Rg3+ Kf4 44. Rf3+ Kg4 45. Be5 Nxe4 46. Bxe4 Bxd5 47. Bf5+ 1-0

[Event "6th Vardaris Open 2020"]
[Site "Thessaloniki"]
[Date "2020.03.01"]
[Round "5.12"]
[White "Ladopoulos, Dimitrios"]
[Black "Stefanou, Konstantinos"]
[Result "1-0"]
[ECO "E06"]
[WhiteElo "2253"]
[BlackElo "1959"]
[Annotator "ChessBase"]
[PlyCount "83"]
[EventDate "2020.02.27"]
[EventType "swiss"]
[EventCountry "GRE"]
[SourceTitle "playchess.com"]
[Source "ChessBase"]
[SourceQuality "1"]
[TimeControl "6000+30"]

1. Nf3 d5 2. d4 Nf6 3. c4 e6 4. g3 Be7 5. Bg2 O-O 6. O-O c6 7. Qc2 b6 8. Nbd2 Bb7 9. Rd1 Na6 10. a3 Rc8 11. b4 Qc7 12. e4 Nxe4 13. Nxe4 dxe4 14. Bf4 Bd6 15. Bxd6 Qxd6 16. Qxe4 h6 17. Ne5 Nb8 18. c5 Qe7 19. Nc4 b5 20. Nd6 Rc7 21. a4 a6 22. axb5 axb5 23. Ra7 Bc8 24. Nf5 Rxa7 25. Nxe7+ Rxe7 26. Ra1 Rd8 27. h4 Bb7 28. Ra7 Red7 29. Qe5 Na6 30. Bxc6 Bxc6 31. Rxa6 Bf3 32. Qf4 Bd5 33. Kh2 f5 34. Rb6 Kf7 35. Rxb5 g5 36. Qe5 Bf3 37. Rb6 Re7 38. b5 gxh4 39. c6 Ra8 40. c7 hxg3+ 41. Kxg3 Ra3 42. Qc5 1-0

[Event "6th Vardaris Open 2020"]
[Site "Thessaloniki"]
[Date "2020.03.01"]
[Round "5.13"]
[White "Markidis, Konstantinos"]
[Black "Nteligiorgis, Eleftherios"]
[Result "1/2-1/2"]
[ECO "B50"]
[WhiteElo "2211"]
[BlackElo "1944"]
[Annotator "ChessBase"]
[PlyCount "50"]
[EventDate "2020.02.27"]
[EventType "swiss"]
[EventCountry "GRE"]
[SourceTitle "playchess.com"]
[Source "ChessBase"]
[SourceQuality "1"]
[TimeControl "6000+30"]

1. e4 c5 2. Nf3 e6 3. Nc3 d6 4. g3 Nf6 5. Bg2 Be7 6. O-O O-O 7. e5 dxe5 8. Nxe5 Qc7 9. Re1 Nbd7 10. Nc4 Nb6 11. Nb5 Qd8 12. Nxb6 Qxb6 13. Na3 Nd7 14. Nc4 Qc7 15. d3 Bf6 16. Rb1 Rb8 17. Bf4 e5 18. Bd2 b5 19. Ne3 Bb7 20. Nd5 Qd6 21. c4 Bxd5 22. Bxd5 Nb6 23. Be4 bxc4 24. dxc4 Nxc4 25. Bc3 Qd8 1/2-1/2

[Event "6th Vardaris Open 2020"]
[Site "Thessaloniki"]
[Date "2020.03.01"]
[Round "5.14"]
[White "Opseth, Oliver"]
[Black "Madebrink, Lars"]
[Result "1/2-1/2"]
[ECO "B21"]
[WhiteElo "1894"]
[BlackElo "2115"]
[Annotator "ChessBase"]
[PlyCount "137"]
[EventDate "2020.02.27"]
[EventType "swiss"]
[EventCountry "GRE"]
[SourceTitle "playchess.com"]
[Source "ChessBase"]
[SourceQuality "1"]
[TimeControl "6000+30"]

1. e4 c5 2. d4 cxd4 3. c3 dxc3 4. Nxc3 Nc6 5. Nf3 d6 6. Bb5 Bd7 7. O-O Nf6 8. Bf4 g6 9. Qd2 Bg7 10. Bh6 O-O 11. Bxg7 Kxg7 12. Rad1 Qa5 13. Qf4 Ne5 14. Bxd7 Nexd7 15. Nd5 Nxd5 16. Rxd5 Qxa2 17. g4 Qxb2 18. g5 Rac8 19. Qg4 Rfd8 20. h4 Rc4 21. h5 Nb6 22. Rd2 gxh5 23. Qxh5 Qc3 24. Rc2 Qb3 25. Re2 Kg8 26. Nd2 Qd3 27. Nxc4 Nxc4 28. Kg2 Ne5 29. Rh1 Ng6 30. Qxh7+ Kf8 31. Re3 Qd4 32. Rf3 Qg7 33. Qh3 d5 34. exd5 Qe5 35. Qf5 Qxf5 36. Rxf5 Rxd5 37. Rxd5 Nf4+ 38. Kf3 Nxd5 39. Ke4 e6 40. Ke5 Kg7 41. f4 Ne3 42. Ra1 a5 43. Ke4 Nc4 44. Kd4 b5 45. Kc5 Nb2 46. Rxa5 Nd3+ 47. Kd4 Nxf4 48. Rxb5 Kg6 49. Rb7 Nh3 50. Ke5 Nxg5 51. Rb6 f6+ 52. Kf4 e5+ 53. Kg4 Nf7 54. Ra6 Nh6+ 55. Kf3 Kf5 56. Ra5 Nf7 57. Ra7 Nd6 58. Ra5 Ke6 59. Ra6 f5 60. Ke3 f4+ 61. Kf3 Kd5 62. Ra5+ Kd4 63. Ra4+ Nc4 64. Ra8 Nb6 65. Ra6 Nc4 66. Ra8 Nd6 67. Ra4+ Kd5 68. Rxf4 exf4 69. Kxf4 {Ke5+ Ke4+} 1/2-1/2

[Event "6th Vardaris Open 2020"]
[Site "Thessaloniki"]
[Date "2020.03.01"]
[Round "5.15"]
[White "Vardakas, Grigorios"]
[Black "Zlatkov, Anton"]
[Result "1-0"]
[ECO "E16"]
[WhiteElo "2115"]
[BlackElo "1828"]
[Annotator "ChessBase"]
[PlyCount "119"]
[EventDate "2020.02.27"]
[EventType "swiss"]
[EventCountry "GRE"]
[SourceTitle "playchess.com"]
[Source "ChessBase"]
[SourceQuality "1"]
[TimeControl "6000+30"]

1. Nf3 d5 2. g3 Nf6 3. Bg2 e6 4. c4 c6 5. O-O Be7 6. b3 O-O 7. Bb2 Nbd7 8. d4 b6 9. Ne5 Bb7 10. Nd2 c5 11. Nxd7 Qxd7 12. cxd5 exd5 13. Rc1 Rac8 14. dxc5 bxc5 15. Re1 Rfd8 16. Qc2 d4 17. Bxb7 Qxb7 18. Nc4 Nd5 19. Qe4 Re8 20. Qf3 Qd7 21. e3 Bf6 22. exd4 cxd4 23. Rxe8+ Rxe8 24. Rd1 Nb4 25. a3 Nc2 26. Bc3 Qe7 27. Ba5 h6 28. Rc1 Qe2 29. Qxe2 Rxe2 30. Rd1 Re8 31. Kf1 Rb8 32. Rd3 Be7 33. a4 Bf6 34. Ke2 Nb4 35. Bxb4 Rxb4 36. Kf3 Kf8 37. Ke4 Ke7 38. Kd5 Rb8 39. f4 Rd8+ 40. Ke4 Ke6 41. f5+ Ke7 42. Ne5 Rd6 43. b4 a6 44. Ng4 h5 45. Nxf6 Kxf6 46. Rxd4 Rb6 47. h4 Rc6 48. b5 axb5 49. axb5 Rc3 50. Rd6+ Ke7 51. Rd3 Rc5 52. Rb3 Kd6 53. b6 Rc4+ 54. Kf3 Rc8 55. b7 Rb8 56. Kf4 f6 57. g4 Kc7 58. gxh5 Rxb7 59. Rxb7+ Kxb7 60. h6 1-0

[Event "6th Vardaris Open 2020"]
[Site "Thessaloniki"]
[Date "2020.03.01"]
[Round "5.16"]
[White "Nilsen, Tobias Lang"]
[Black "Papagiannis, Asterios"]
[Result "0-1"]
[ECO "C70"]
[WhiteElo "2135"]
[BlackElo "1917"]
[Annotator "ChessBase"]
[PlyCount "92"]
[EventDate "2020.02.27"]
[EventType "swiss"]
[EventCountry "GRE"]
[SourceTitle "playchess.com"]
[Source "ChessBase"]
[SourceQuality "1"]
[TimeControl "6000+30"]

1. e4 e5 2. Nf3 Nc6 3. Bb5 g6 4. c3 a6 5. Ba4 Bg7 6. d4 exd4 7. cxd4 b5 8. Bb3 Nge7 9. O-O O-O 10. Nc3 d6 11. h3 Na5 12. Bc2 Bb7 13. Re1 Qd7 14. d5 Rac8 15. Bf4 Nc4 16. Qc1 c6 17. dxc6 Qxc6 18. Nd5 Rfe8 19. Nb4 Qc7 20. Rb1 a5 21. Nd3 Nxb2 22. Nxb2 Qxc2 23. Qxc2 Rxc2 24. Nd3 Rxa2 25. Rxb5 Ba6 26. Nc1 Bxb5 27. Nxa2 Bc4 28. Nc1 Rd8 29. Bg5 f6 30. Bd2 Nc6 31. Ne2 d5 32. exd5 Bxd5 33. Nfd4 Nxd4 34. Nxd4 Ra8 35. Nb5 Bc6 36. Nc7 Ra7 37. Ne6 a4 38. Nxg7 Kxg7 39. Bc3 Bd5 40. Rd1 Be6 41. Bd4 Rd7 42. Rd2 a3 43. Bc3 Rc7 44. Bd4 Rc1+ 45. Kh2 a2 46. Re2 Bf7 0-1

[Event "6th Vardaris Open 2020"]
[Site "Thessaloniki"]
[Date "2020.03.01"]
[Round "5.17"]
[White "Tziotzios, Dimitrios"]
[Black "Tsironis, Alexandros"]
[Result "0-1"]
[ECO "E63"]
[WhiteElo "1473"]
[BlackElo "1962"]
[Annotator "NA"]
[PlyCount "46"]
[EventDate "2020.02.27"]
[EventType "swiss"]
[EventCountry "GRE"]
[SourceTitle "playchess.com"]
[Source "ChessBase"]
[SourceQuality "1"]
[TimeControl "6000+30"]

1. d4 g6 2. g3 Bg7 3. Bg2 d6 4. c4 Nf6 5. Nc3 O-O 6. Nf3 Nc6 7. O-O a6 8. h3 {8.b3 is setting a new trend.} Nd7 9. e4 {E63: King's Indian: Fianchetto: Panno Variation with 7...a6.} e5 (9... b5 $11 {remains equal.}) 10. d5 (10. Bg5 $14 f6 11. Be3) 10... Ne7 11. Be3 {[#]} a5 $146 ({Predecessor:} 11... f5 12. Ng5 Nf6 13. Qc2 Nh5 14. Kh2 f4 15. Bd2 h6 16. Nf3 g5 17. g4 Nf6 {½-½ (58) Sit,V (1617)-Burns,M (1901) Coventry 2015}) 12. Qd2 b6 13. Ne1 f5 14. Nd3 Nf6 15. f3 Nh5 16. Ne2 Kh8 17. Rab1 Ng8 18. b3 Nxg3 19. Nxg3 f4 20. Nxf4 $2 (20. Bf2 $15 fxg3 21. Bxg3) 20... exf4 21. Bxf4 Rxf4 22. Qxf4 {[#]} Bh6 $19 23. Qf7 Be3+ 0-1

[Event "6th Vardaris Open 2020"]
[Site "Thessaloniki"]
[Date "2020.03.01"]
[Round "5.18"]
[White "Makris, Spyridon-Dionysios"]
[Black "Theoharidis, Georgios"]
[Result "1-0"]
[ECO "A40"]
[WhiteElo "1959"]
[BlackElo "1813"]
[Annotator "NA"]
[PlyCount "65"]
[EventDate "2020.02.27"]
[EventType "swiss"]
[EventCountry "GRE"]
[SourceTitle "playchess.com"]
[Source "ChessBase"]
[SourceQuality "1"]
[TimeControl "6000+30"]

1. d4 e6 2. c4 b6 3. a3 Bb7 4. Nc3 f5 5. d5 Be7 6. g3 {A40: Unusual replies to 1 d4.} e5 {[#]} (6... Nf6 $11 {remains equal.}) 7. e4 $146 ({Predecessor:} 7. Nf3 d6 8. e4 fxe4 9. Nxe4 Nf6 10. Neg5 Bc8 11. Bd3 O-O 12. Qc2 h6 13. Ne6 Bxe6 14. dxe6 {1-0 (36) Swapnil,S (2429)-Singh,D (2303) Chennai 2010}) 7... fxe4 8. Qh5+ ({Don't play} 8. Nxe4 $6 Nf6 $14) 8... Kf8 9. Qxe5 ({But not} 9. Nxe4 $6 Nf6 $16) 9... Bf6 10. Qf4 g5 (10... Qe7 $142) 11. Qxe4 Bxc3+ 12. bxc3 Qf6 13. Qd4 h6 14. Bg2 Na6 15. Ne2 Re8 (15... Nc5 $16) 16. Be3 Nc5 17. h4 Nb3 18. Qxf6+ Nxf6 19. Rb1 ({Stronger than} 19. hxg5 Nxa1 20. gxf6 Nc2+ 21. Kd2 Nxa3 $15) 19... Na5 20. hxg5 $18 Rxe3 21. fxe3 Ng4 22. gxh6 Nxc4 23. Nf4 Rxh6 24. Rxh6 Nxh6 25. Bh3 Nxe3 26. Bxd7 Ke7 27. Be6 Kd6 28. Ke2 Nef5 29. g4 Ng7 30. Rh1 Nxe6 31. Rxh6 Bxd5 32. Ke3 Ke5 33. Rh5+ 1-0

[Event "6th Vardaris Open 2020"]
[Site "Thessaloniki"]
[Date "2020.03.01"]
[Round "5.20"]
[White "Kouskoutis, Georgios-Alexandros"]
[Black "Tenold, Andreas"]
[Result "1-0"]
[ECO "A20"]
[WhiteElo "2288"]
[BlackElo "1952"]
[Annotator "ChessBase"]
[PlyCount "63"]
[EventDate "2020.02.27"]
[EventType "swiss"]
[EventCountry "GRE"]
[SourceTitle "playchess.com"]
[Source "ChessBase"]
[SourceQuality "1"]
[TimeControl "6000+30"]

1. c4 e5 2. g3 Nf6 3. Bg2 h6 4. a3 c6 5. d4 exd4 6. Qxd4 d5 7. cxd5 cxd5 8. Nf3 Nc6 9. Qa4 Be7 10. O-O O-O 11. b4 a6 12. Bb2 Be6 13. Nbd2 b5 14. Qd1 Rc8 15. Nd4 Nxd4 16. Bxd4 a5 17. bxa5 Qxa5 18. Nf3 Ne4 19. Qb3 Rc4 20. e3 Ra4 21. Rfb1 Rb8 22. Be5 Rb7 23. Nd4 Nd2 24. Qd1 Nxb1 25. Rxb1 Rxa3 26. Nxe6 fxe6 27. Qg4 Kf7 28. Qxg7+ Ke8 29. Qg8+ Kd7 30. Bxd5 Rb6 31. Rc1 Qa7 32. Qc8# 1-0